 Dungeon Crawl Stone Soup version 0.21-a0-163-g3aa3f5d (webtiles) character file.

111897 CarbonWolf the Severer (level 16, -19/223 HPs)
             Began as a Minotaur Berserker on Aug 1, 2017.
             Was a High Priest of Trog.
             Killed from afar by a thorn hunter (20 damage)
             ... with a volley of thorns
             ... on level 3 of the Swamp on Aug 5, 2017.
             The game lasted 03:09:26 (31694 turns).

CarbonWolf the Severer (Minotaur Berserker)        Turns: 31694, Time: 03:09:27

Health: -19/223    AC: 27    Str: 29    XL:     16   Next: 10%
Magic:  7/7        EV: 10    Int:  9    God:    Trog [*****.]
Gold:   1258       SH: 13    Dex: 14    Spells: 15/15 levels left

rFire    . . .     SeeInvis +   b - +6 broad axe (antimagic)
rCold    + . .     Gourm    .   W - +0 large shield
rNeg     . . .     Faith    .   E - +0 plate armour
rPois    +         Spirit   .   (helmet restricted)
rElec    +         Reflect  .   x - +0 cloak
rCorr    .         Harm     .   H - +2 pair of gloves of Restlessness {Str+2 Int+5}
MR       +....                  G - +2 pair of boots {Fly}
Stlth    ..........             w - amulet "Uppas" {rElec Regen+ Dex-3 Slay+4 SInv}
HPRegen  0.87/turn              u - ring of poison resistance
MPRegen  0.10/turn              U - ring "Nicho" {rC+ AC+2}

@: berserking, flying, drained, very quick
A: retaliatory headbutt, horns 2
a: Berserk, Trog's Hand, Brothers in Arms, Burn Spellbooks, Renounce Religion,
Stop Flying


You were on level 3 of the Swamp.
You worshipped Trog.
Trog was extremely pleased with you.
You were full.

You visited 6 branches of the dungeon, and saw 27 of its levels.
You also visited: Volcano.

You collected 2294 gold pieces.
You spent 1036 gold pieces at shops.

Inventory:

Hand Weapons
 a - a +2 hand axe of flaming
 b - a +6 antimagic broad axe (weapon)
 L - the +1 executioner's axe "Ickefowk" {protect, rC+}
   (Trog gifted it to you on level 1 of the Swamp)

   It protects the one who uses it against injury (+AC on strike).
   It protects you from cold.
 Q - a +7 antimagic hand axe
Missiles
 g - 12 curare-tipped needles
Armour
 x - a +0 cloak (worn)
 E - a +0 plate armour (worn)
 G - a +2 pair of boots of flying (worn)
 H - the +2 pair of gloves of Restlessness (worn) {Str+2 Int+5}
   (You found it on level 3 of the Swamp)

   It affects your strength (+2).
   It affects your intelligence (+5).
 O - +0 swamp dragon scales
 W - a +0 large shield (worn)
Jewellery
 f - an uncursed ring of protection from fire
 m - an uncursed ring of protection from cold
 p - an uncursed ring of resist corrosion
 u - a ring of poison resistance (left hand)
 w - the amulet "Uppas" (around neck) {rElec Regen+ Dex-3 Slay+4 SInv}
   (You bought it in a shop on level 8 of the Dungeon)

   [amulet of regeneration]

   It affects your dexterity (-3).
   It affects your accuracy and damage with ranged weapons and melee attacks
   (+4).
   It insulates you from electricity.
   It lets you see invisible.
   It increases your rate of regeneration.
 U - the ring "Nicho" (right hand) {rC+ AC+2}
   (You found it on level 3 of the Lair of Beasts)

   [ring of protection]

   It affects your AC (+2).
   It protects you from cold.
Wands
 e - a wand of paralysis (4/24)
 h - a wand of flame (30/48)
 B - a wand of scattershot (0/9)
 C - a wand of flame (17/48)
 M - a wand of polymorph (8/24)
 N - a wand of disintegration (12/24)
 P - a wand of digging (12/24)
Scrolls
 d - 2 scrolls of identify
 i - 3 scrolls of teleportation
 j - 8 scrolls of remove curse
 k - 4 scrolls of recharging
 n - 3 scrolls of immolation
 o - a scroll of magic mapping
 y - a scroll of fear {unknown}
 D - a scroll of blinking {unknown}
 I - a scroll of acquirement {unknown}
 J - 3 scrolls of enchant weapon
 K - a scroll of enchant armour {unknown}
 R - 2 scrolls of silence
 X - a scroll of holy word
 Z - 4 scrolls of fog
Potions
 l - 2 potions of lignification
 q - 4 potions of curing
 s - 2 potions of agility
 z - 3 potions of ambrosia
 A - 2 potions of might
 S - a potion of cancellation
 T - 3 potions of haste
 Y - 2 potions of berserk rage
Miscellaneous
 r - a fan of gales (inert)
 V - a sack of spiders
Comestibles
 c - 10 bread rations
 v - 9 chunks of flesh
 F - 4 meat rations


   Skills:
 * Level 15.5(15.3) Fighting
 + Level 19.4(19.1) Axes
 + Level 14.5(14.3) Armour
 + Level 13.4(13.1) Dodging
 - Level 8.8(8.6) Evocations


You had 15 spell levels left.
You didn't know any spells.

Dungeon Overview and Level Annotations

Branches:
Dungeon (14/15)            Temple (1/1) D:7            Lair (6/6) D:11
  Swamp (3/4) Lair:4        Snake (0/4) Lair:3        Slime (0/5) Lair:6
    Orc (2/2) D:12            Elf (1/3) Orc:2        Vaults (0/5) D:14

Altars:
Ashenzari
Cheibriados
Dithmenos
Elyvilon
Fedhas
Gozag
Hepliaklqana
Kikubaaqudgha
Makhleb
Nemelex Xobeh
Okawaru
Qazlal
Ru
Sif Muna
Trog
Uskayaw
Vehumet
Wu Jian
Xom
Yredelemnul
Zin
The Shining One

Shops:
D:4 }   D:5 ?[[[   D:6 (   D:7 (   D:8 !=([   Orc:2 %(%(=

Annotations:
D:9 exclusion: orange crystal statue
Lair:6 2 runed doors
Swamp:3 Mara


Innate Abilities, Weirdness & Mutations

You reflexively headbutt those who attack you in melee.
You have a pair of horns on your head.


Message History

You block the thorn hunter's attack.
The thorn hunter gestures.
Thorny briars emerge from the ground!
A red film seems to cover your vision as you go berserk!
You feel yourself moving faster!
You feel mighty!
You feel quite a bit less full.
The briar patch crumbles away. x2
You block the thorn hunter's attack. The thorn hunter hits you!
* * * LOW HITPOINT WARNING * * *
You are too injured to fight recklessly!
You slash the thorn hunter!
The thorn hunter's magic leaks into the air.
The thorn hunter is moderately damaged.
The briar patch crumbles away.
You slash the thorn hunter!
The thorn hunter's magic leaks into the air.
Your headbutt misses the thorn hunter.
The thorn hunter is moderately damaged.
The thorn hunter fires a volley of thorns at you.
The volley of thorns hits you!
You die...

≈.≈≈≈≈......≈≈≈≈...♣≈.≈≈.≈≈
.≈.≈≈≈≈≈≈≈≈≈≈≈≈≈ ... ≈
...♣.≈≈≈≈≈≈≈.PPP ≈♣≈≈♣ ♣
...♣.≈≈≈≈≈...PPP .§..≈ ♣
##...§...♣......♣♣♣♣
≈....♣♣♣ .#..♣♣♣♣♣♣
♣♣?..≈♣♣ ≈≈....§≈ .#..≈≈≈♣♣
♣.≈≈..≈♣♣ ≈..≈≈≈≈.
.....≈≈.♣♣ ♣≈≈≈.≈§.♣♣
♣.≈≈≈≈. ##...≈≈.>.
♣♣.@.....♣ ♣.≈≈≈≈.
......≈.≈≈ ♣≈≈f≈≈..♣♣
♣♣≈.... .#...♣≈≈≈≈♣
♣≈≈y≈≈≈.≈♣ ♣♣♣♣..
.....§≈≈≈≈≈ ♣.≈≈≈≈≈.♣♣♣
♣.≈. ....≈.§≈≈.
♣♣...≈.>..♣♣ ♣♣≈≈.
##......≈. ♣♣♣♣..≈≈≈P♣
♣♣§≈≈≈ ..)≈≈≈≈♣≈♣ ♣P≈P..P♣
♣≈≈≈≈≈ ..≈≈≈.♣♣ ♣ ♣♣P≈≈≈P♣
♣.≈≈≈. .≈≈≈..≈♣
♣..≈≈≈♣♣♣.≈.≈.


You could see a thorn hunter and a vampire mosquito.

Vanquished Creatures
  Saint Roka (Orc:2)
  A thorn hunter (Swamp:3)
  Gastronok (D:10)
  Kirke (Swamp:2)
  The ghost of Armakuni the Purifying Orc, a journeyman HOMo of Elyvilon (Swamp:1)
  Louise (Swamp:1)
  A red draconian (Volcano)
  Fannar (D:11)
  6 hydras
  A ghost crab (Swamp:3)
  Erolcha (Orc:2)
  5 alligators
  7 two-headed ogres
  A dancing weapon (Elf:1)
  2 tengu warriors (D:12)
  3 orc high priests (Orc:2)
  Sonja (Lair:4)
  Nergalle (D:12)
  A fire crab (Lair:6)
  The ghost of scarecrow the Basher, a novice DDNe of Makhleb (D:6)
  3 skeletal warriors (D:13)
  5 swamp dragons
  5 unseen horrors
  A spriggan druid (Swamp:3)
  2 necromancers
  Pikel (D:7)
  A shambling mangrove (Swamp:3)
  3 deep elf magi
  A wolf spider zombie (D:14)
  7 orc knights
  3 cyclopes
  5 ugly things
  5 orc sorcerers (Orc:2)
  9 slime creatures
  2 manticores
  10 elephants
  Joseph (D:9)
  7 black mambas
  A centaur zombie (D:11)
  A molten gargoyle (Lair:6)
  9 spiny frogs
  2 gargoyles
  2 kobold demonologists (D:12)
  11 komodo dragons
  3 rime drakes
  8 trolls
  A hydra zombie (Swamp:1)
  15 hornets
  Prince Ribbit (D:8)
  15 blink frogs
  9 tyrant leeches
  7 hippogriffs
  A wind drake (shapeshifter) (D:13)
  5 bog bodies
  7 dream sheep (Lair:6)
  2 shadows
  2 vampires (D:14)
  10 spriggans
  6 wyverns
  A wraith (D:11)
  3 hogs
  A tyrant leech zombie (Swamp:1)
  30 yaks
  6 basilisks
  2 fire bats (Volcano)
  Grum (D:8)
  A vampire mosquito (Swamp:3)
  A hungry ghost (D:9)
  2 steam dragons
  3 wargs
  A soldier ant (D:12)
  9 insubstantial wisps (Swamp:1)
  17 swamp worms
  4 hell hounds (Lair:6)
  17 water moccasins
  5 porcupines
  3 ice beasts
  7 swamp drakes
  3 sky beasts
  2 slaves (D:7)
  A swamp dragon zombie (Swamp:1)
  3 black bears
  4 phantoms
  2 eyes of draining
  23 orc warriors
  A necrophage (D:8)
  17 ogres
  10 wolves
  16 centaurs
  2 big kobolds
  15 crocodiles
  A komodo dragon zombie (Swamp:1)
  A gnoll sergeant (D:7)
  8 bullfrogs
  5 scorpions
  9 killer bees
  2 electric eels
  4 crimson imps
  8 lava snakes
  4 bullfrog zombies
  5 hounds
  25 orc priests
  4 bullfrog skeletons
  5 jellies
  23 orc wizards
  3 centaur skeletons
  Jessica (D:3)
  Ijyb (D:2)
  6 iguanas
  12 worker ants
  A crocodile zombie (Swamp:1)
  A hound zombie (D:7)
  Robin (D:2)
  12 gnolls
  23 adders
  A howler monkey skeleton (D:4)
  3 shadow imps
  4 oozes
  An adder zombie (D:6)
  An adder skeleton (D:6)
  4 worms
  A dart slug (D:1)
  8 leopard geckos
  80 orcs
  A ball python (D:3)
  6 giant cockroaches
  23 goblins
  13 hobgoblins
  3 quokkas
  7 bats
  14 frilled lizards
  2 jackal skeletons
  13 kobolds
  A quokka zombie (D:6)
  5 rats
  5 briar patches (Swamp:3)
  3 fungi
804 creatures vanquished.

Vanquished Creatures (collateral kills)
  Josephine (Lair:4)
  A hydra (Lair:6)
  A centaur warrior (Volcano)
  2 molten gargoyles
  A yaktaur (Volcano)
  3 wraiths (Lair:4)
  A yak (Lair:4)
  8 orc warriors (Orc:2)
18 creatures vanquished.

Vanquished Creatures (others)
  A hornet (Swamp:3)
  3 spriggans (Swamp:3)
  A swamp worm (Swamp:3)
  2 slaves (D:7)
  A swamp drake (Swamp:3)
  5 humans
  3 orc priests (D:7)
  An orc wizard (D:4)
  An adder (D:7)
  An orc (D:7)
  21 fungi
  11 plants (Lair:6)
51 creatures vanquished.

Grand Total: 873 creatures vanquished

Notes
Turn   | Place    | Note
-------+----------+-------------------------------------------
     0 | D:1      | CarbonWolf the Minotaur Berserker began the quest for the Orb.
     0 | D:1      | Reached XP level 1. HP: 19/19 MP: 0/0
   205 | D:1      | Reached XP level 2. HP: 22/27 MP: 1/1
   532 | D:1      | Reached skill level 4 in Axes
   792 | D:1      | You fall through a shaft!
   801 | D:2      | Reached XP level 3. HP: 33/33 MP: 2/2
  1006 | D:1      | Reached ** piety under Trog
  1376 | D:2      | Reached XP level 4. HP: 35/40 MP: 3/3
  1499 | D:2      | Noticed Robin
  1509 | D:2      | Reached skill level 5 in Axes
  1568 | D:2      | HP: 2/41 [hobgoblin/club (2)]
  1882 | D:2      | Noticed Ijyb
  1885 | D:1      | Reached *** piety under Trog
  1960 | D:2      | Killed Ijyb
  1960 | D:2      | Reached XP level 5. HP: 47/47 MP: 4/4
  1962 | D:2      | Killed Robin
  2357 | D:2      | Reached skill level 5 in Fighting
  3524 | D:3      | Noticed Jessica
  3530 | D:3      | Killed Jessica
  3669 | D:3      | Reached XP level 6. HP: 55/56 MP: 5/5
  3794 | D:3      | Found a bloodstained altar of Trog.
  3824 | D:3      | Reached skill level 6 in Axes
  4120 | D:3      | Found an ancient bone altar of Kikubaaqudgha.
  4121 | D:3      | Noticed a human
  4124 | D:3      | Killed a human
  4293 | D:4      | Reached XP level 7. HP: 62/62 MP: 6/6
  4673 | D:4      | Reached skill level 7 in Axes
  5056 | D:4      | Found Ofyfogaw's Gadget Emporium.
  5403 | D:4      | Reached skill level 5 in Armour
  5859 | D:5      | Entered Level 5 of the Dungeon
  5859 | D:5      | Found Byeshre's Armour Boutique.
  5859 | D:5      | Found Hupune's Armour Boutique.
  5867 | D:5      | Reached XP level 8. HP: 71/71 MP: 7/7
  5915 | D:5      | Reached skill level 8 in Axes
  6046 | D:5      | Found Donouj's Armour Emporium.
  6078 | D:5      | Noticed a hippogriff
  6095 | D:5      | Killed a hippogriff
  6095 | D:5      | Reached skill level 5 in Dodging
  6116 | D:5      | Bought a +2 pair of boots of flying for 215 gold pieces
  6295 | D:5      | Reached **** piety under Trog
  6415 | D:5      | Found Gucuz's Magic Scroll Emporium.
  6577 | D:5      | Reached skill level 1 in Evocations
  6816 | D:6      | Noticed scarecrow's ghost (novice DDNe)
  6829 | D:6      | Killed scarecrow's ghost
  6829 | D:6      | Reached skill level 9 in Axes
  6829 | D:6      | Reached XP level 9. HP: 81/81 MP: 7/9
  7179 | D:6      | Found Kodir's Weapon Boutique.
  7708 | D:7      | Reached skill level 10 in Axes
  7791 | D:7      | Found Ilaok's Antique Weapon Shoppe.
  8186 | D:7      | Noticed Pikel
  8201 | D:7      | Killed Pikel
  8250 | D:7      | Found a staircase to the Ecumenical Temple.
  8264 | Temple   | Entered the Ecumenical Temple
  9148 | D:8      | Noticed a two-headed ogre
  9236 | D:8      | Noticed Prince Ribbit
  9312 | D:8      | Killed a two-headed ogre
  9312 | D:8      | Reached skill level 11 in Axes
  9312 | D:8      | Reached XP level 10. HP: 59/90 MP: 11/11
  9379 | D:8      | Found Paestridd's Weapon Boutique.
  9395 | D:8      | Found Fiyses's Antique Armour Shop.
  9521 | D:8      | Found Asotyso's Jewellery Shoppe.
  9573 | D:8      | Killed Prince Ribbit
  9698 | D:8      | Noticed Grum
  9709 | D:8      | Killed Grum
  9958 | D:8      | Found Nailab's Distillery.
 10179 | D:8      | Noticed a two-headed ogre
 10197 | D:8      | Killed a two-headed ogre
 10197 | D:8      | Reached skill level 12 in Axes
 10271 | D:8      | Found Yxtetubb's General Store.
 11129 | D:9      | Noticed Joseph
 11142 | D:9      | Killed Joseph
 11142 | D:9      | Reached XP level 11. HP: 97/99 MP: 12/12
 11179 | D:9      | Noticed an orange crystal statue
 11452 | D:9      | Noticed a two-headed ogre
 11469 | D:9      | Killed a two-headed ogre
 11469 | D:9      | Reached skill level 10 in Fighting
 11775 | D:9      | Noticed a two-headed ogre
 11797 | D:9      | Killed a two-headed ogre
 11932 | D:9      | Reached ***** piety under Trog
 12041 | D:10     | Entered Level 10 of the Dungeon
 12080 | D:10     | Found an ornate altar of the Wu Jian Council.
 12297 | D:10     | Reached skill level 13 in Axes
 12617 | D:10     | Noticed Gastronok
 12634 | D:10     | Killed Gastronok
 12634 | D:10     | Reached skill level 10 in Armour
 13026 | D:11     | Noticed a cyan ugly thing
 13038 | D:11     | Killed a cyan ugly thing
 13252 | D:11     | Noticed Fannar
 13277 | D:11     | Killed Fannar
 13328 | D:11     | Reached skill level 14 in Axes
 13361 | D:11     | Found a staircase to the Lair.
 14372 | D:11     | Found a flickering gateway to a bazaar.
 14699 | Lair:1   | Entered Level 1 of the Lair of Beasts
 14792 | Lair:1   | Reached XP level 12. HP: 89/110 MP: 14/14
 16145 | Lair:2   | Reached skill level 5 in Evocations
 16517 | Lair:2   | Upgraded the game from 0.21-a0-153-g78480df to 0.21-a0-154-gb5400c9
 16610 | Lair:2   | Reached skill level 10 in Dodging
 16848 | Lair:2   | Noticed a seven-headed hydra
 16881 | Lair:2   | Killed a 19-headed hydra
 16881 | Lair:2   | Reached skill level 15 in Axes
 17395 | Lair:3   | Found a staircase to the Snake Pit.
 17430 | Lair:3   | Received a gift from Trog
 17905 | Lair:3   | Got a scintillating turquoise ring
 17911 | Lair:3   | Identified the ring "Nicho" {rC+ AC+2} (You found it on level 3 of the Lair of Beasts)
 18251 | Lair:4   | Noticed Josephine
 18266 | Lair:4   | Killed Josephine
 18290 | Lair:4   | Reached XP level 13. HP: 118/118 MP: 5/16
 18383 | Lair:4   | Noticed Sonja
 18392 | Lair:4   | Killed Sonja
 18938 | Lair:4   | Found a staircase to the Swamp.
 19228 | Lair:5   | Found a dark tunnel.
 19240 | Volcano  | Entered a volcano
 19418 | Volcano  | Reached skill level 16 in Axes
 19443 | Volcano  | Found a burning altar of Makhleb.
 19532 | Volcano  | Noticed a red draconian
 19544 | Volcano  | Killed a red draconian
 20482 | Lair:6   | Entered Level 6 of the Lair of Beasts
 21015 | Lair:6   | Found a staircase to the Slime Pits.
 21478 | Lair:6   | Found a large runed door.
 21478 | Lair:6   | Found a large runed door.
 21521 | Lair:6   | Noticed a fire dragon
 21962 | Lair:6   | Reached XP level 14. HP: 122/129 MP: 6/18
 22495 | D:12     | Reached skill level 17 in Axes
 22556 | D:12     | Received a gift from Trog
 22780 | D:12     | Found a staircase to the Orcish Mines.
 23440 | D:12     | Noticed Nergalle
 23458 | D:12     | Killed Nergalle
 23789 | D:8      | Bought the amulet "Uppas" {rElec Regen+ Dex-3 Slay+4 SInv} for 821 gold pieces
 23797 | D:8      | Upgraded the game from 0.21-a0-154-gb5400c9 to 0.21-a0-157-gb89e0e2
 23893 | Orc:1    | Entered Level 1 of the Orcish Mines
 24358 | Orc:2    | Entered Level 2 of the Orcish Mines
 24363 | Orc:2    | Found a staircase to the Elven Halls.
 24943 | Orc:2    | Found Dauciustri's Food Boutique.
 25072 | Orc:2    | Noticed Erolcha
 25072 | Orc:2    | Noticed Saint Roka
 25302 | Orc:2    | Received a gift from Trog
 25427 | Orc:2    | Killed Saint Roka
 26057 | Orc:2    | Found Neqirhad's Weapon Boutique.
 26057 | Orc:2    | Found Plog's Food Emporium.
 26116 | Orc:2    | Found Hamyvyzo's Weapon Boutique.
 26116 | Orc:2    | Found Oqukhau's Jewellery Emporium.
 26292 | Orc:2    | Reached skill level 18 in Axes
 26350 | Orc:2    | Found a shimmering altar of Xom.
 26576 | Orc:2    | Killed Erolcha
 26842 | Orc:2    | Paralysed by an orc sorcerer for 6 turns
 26900 | Elf:1    | Entered Level 1 of the Elven Halls
 26942 | Elf:1    | Found a radiant altar of Vehumet.
 27180 | D:13     | Reached XP level 15. HP: 137/137 MP: 6/20
 28377 | D:14     | Received a gift from Trog
 28502 | D:14     | Upgraded the game from 0.21-a0-157-gb89e0e2 to 0.21-a0-163-g3aa3f5d
 28770 | D:14     | Found a gate to the Vaults.
 29149 | Swamp:1  | Entered Level 1 of the Swamp
 29179 | Swamp:1  | Noticed Armakuni's ghost (journeyman HOMo)
 29271 | Swamp:1  | Killed Armakuni's ghost
 29285 | Swamp:1  | Noticed Louise
 29309 | Swamp:1  | Killed Louise
 29809 | Swamp:1  | Reached skill level 19 in Axes
 29887 | Swamp:1  | Received a gift from Trog
 29894 | Swamp:1  | Got a fine executioner's axe {god gift}
 29943 | Swamp:1  | Identified the +1 executioner's axe "Ickefowk" {protect, rC+} (Trog gifted it to you on level 1 of the Swamp)
 30211 | Swamp:2  | Noticed Kirke
 30237 | Swamp:2  | Killed Kirke
 30460 | Swamp:2  | Reached skill level 15 in Fighting
 31079 | Swamp:3  | Noticed a thorn hunter
 31092 | Swamp:3  | Killed a thorn hunter
 31108 | Swamp:3  | Paralysed by a hornet for 1 turns
 31115 | Swamp:3  | HP: 3/141 [ghost crab] (15)]
 31304 | Swamp:3  | Reached XP level 16. HP: 149/149 MP: 7/21
 31602 | Swamp:3  | Got a pair of ancient gloves
 31606 | Swamp:3  | Identified the +2 pair of gloves of Restlessness {Str+2 Int+5} (You found it on level 3 of the Swamp)
 31635 | Swamp:3  | Noticed Mara
 31640 | Swamp:3  | Noticed a thorn hunter
 31686 | Swamp:3  | HP: 3/149 [thorn hunter (9)]
 31691 | Swamp:3  | HP: 7/149 [thorn hunter (9)]
 31692 | Swamp:3  | HP: 1/223 [thorn hunter (10)]
 31694 | Swamp:3  | Killed from afar by a thorn hunter

Vault maps used:
D:1:      sevenhm_arrival_forest_fort_small_6, minmay_lizard_king
D:2:      kennysheep_the_goblin_king, first_bread, moated_statue,
          corexii_item_surrounded_by_moat, uniq_robin
D:3:      trog_eyes_of_draining, tgw_kikubaaqudgha, uniq_jessica
D:4:      serial_shops, shop, uniq_ijyb
D:5:      serial_shops, nicolae_shop_stone, shop, shop, shop,
          kennysheep_cross_room
D:6:      serial_shops, kennysheep_mini, serial_park_tiny_1
D:7:      lemuel_temple_firewalk_b, serial_shops, shop_statue,
          roderic_lattice_a, supply_closet_lemuel, uniq_pikel
D:8:      serial_shops, shop, nicolae_shop_stone, nicolae_shop_stone, shop,
          shop, uniq_grum, uniq_prince_ribbit1
D:9:      minmay_statue_hallways, the_bakery, uniq_joseph
D:10:     basic_altar, uniq_gastronok
D:11:     wad_cavern_with_rooms, lair_entry_dummy, serial_shops, freezing_bzr,
          uniq_fannar
D:12:     orc_0_dummy, uniq_nergalle
D:14:     david_vaults_1, minivault_23, serial_glass, glass_columns_b,
          glass_columns_a
Temple:   nicolae_temple_the_god_donut
Lair:2:   beast_lair_carwin_9, grunt_megastairs_5, infiniplex_staircase_pool
Lair:3:   minmay_snake_entry_six_corridors, st_stairs_5
Lair:4:   nicolae_swamp_entry_splash_gauntlet, uniq_josephine, uniq_sonja
Lair:5:   enter_volcano_2
Lair:6:   cheibrodos_lair_end_hotspot, nicolae_slime_entry_slimehenge
Swamp:1:  evilmike_swamp_ruin_house_2, nicolae_swamp_necromancer_hut,
          uniq_louise
Swamp:2:  hangedman_swamp_ruin_hall, swamp_pool1, uniq_kirke
Swamp:3:  evilmike_swamp_ruin_house_5, uniq_mara
Orc:2:    grunt_orc_tribal_feast, serial_shops, shop, basic_altar, uniq_erolcha,
          uniq_saint_roka
Elf:1:    eino_elf_arrival_altar, serial_shops, bzr_entry_safe, basic_altar,
          infiniplex_enter_wizlab_glasses, uniq_nikola
Volcano:  volcano_lake

Skill      XL: |  1  2  3  4  5  6  7  8  9 10 11 12 13 14 15 |
---------------+----------------------------------------------+-----
Axes           | 4 5 6 7 9 11 12 14 15 16 18 19 | 19.4
Fighting       | 4 5 6 7 8 9 11 12 13 15 | 15.5
Armour         | 3 4 5 6 7 9 10 11 12 13 14 | 14.5
Dodging        | 3 4 5 6 8 9 10 11 12 13 | 13.4
Evocations     | 2 3 4 6 7 8 |  8.8

Action                   |  1- 3 |  4- 6 |  7- 9 | 10-12 | 13-15 | 16-18 || total
-------------------------+-------+-------+-------+-------+-------+-------++-------
Melee: Hand axe          |    91 |   155 |   394 |   933 |   729 |       ||  2302
       Headbutt          |    14 |    37 |   112 |   275 |   371 |    21 ||   830
       Staff             |       |       |     4 |       |       |       ||     4
       Battleaxe         |       |       |       |    50 |   371 |       ||   421
       Broad axe         |       |       |       |       |   334 |    65 ||   399
Throw: Throwing net      |       |       |     1 |       |       |       ||     1
Invok: Berserk           |     1 |     6 |     3 |     8 |    10 |     1 ||    29
       Trog's Hand       |       |     2 |     4 |     4 |    17 |     1 ||    28
       Burn Spellbooks   |       |       |     1 |       |     2 |       ||     3
       Brothers in Arms  |       |       |       |     1 |     8 |       ||     9
Evoke: Wand              |       |       |    14 |    29 |    23 |       ||    66
       Fan of gales      |       |       |       |     1 |       |     1 ||     2
  Use: Scroll            |       |     7 |     3 |     9 |    18 |     3 ||    40
       Potion            |       |     1 |       |     1 |     5 |     4 ||    11
 Stab: Paralysed         |       |       |    36 |    46 |    17 |       ||    99
       Confused          |       |       |       |       |     2 |       ||     2
  Eat: Chunk             |     3 |    10 |    13 |    21 |    31 |       ||    78
       Bread ration      |       |     1 |       |     3 |     1 |       ||     5
       Meat ration       |       |       |     1 |       |     4 |       ||     5
       Royal jelly       |       |       |     1 |     1 |       |       ||     2
       Fruit             |       |       |       |     3 |    15 |       ||    18
Armor: Ring mail         |     5 |       |       |       |       |       ||     5
       Scale mail        |    35 |    60 |   133 |    40 |       |       ||   268
       Plate armour      |       |       |       |   489 |   829 |    55 ||  1373
Dodge: Dodged            |    54 |    96 |   147 |   430 |   603 |    24 ||  1354
Block: Buckler           |       |       |       |       |    54 |       ||    54
       Large shield      |       |       |       |       |   166 |    37 ||   203
